[Event "Team 45 45 League T44"]
[Site "Internet Chess Club"]
[Date "2010.02.11"]
[Round "2"]
[White "tammany"]
[Black "Constrictor"]
[Result "0-1"]
[WhiteElo "1782"]
[BlackElo "1863"]
[Opening "Caro-Kann: Panov-Botvinnik attack, 5...e6"]
[ECO "B14"]
[Time "20:02:56"]
[TimeControl "2700+45"]

1. e4 c6 2. d4 d5 3. exd5 cxd5 4. c4 Nf6 5. Nc3 e6 6. Nf3 Bb4 7. Bd3 dxc4 8.
Bxc4 O-O 9. O-O b6 10. a3 Bxc3 11. bxc3 Bb7 12. Bd3 Qc7 13. Qc2 h6 14. Ne5 Nbd7
15. f4 Nd5 16. c4 Ne7 17. a4 Rac8 18. Ba3 Nf6 19. Rac1 Rfd8 20. Qf2 Be4 21. Bxe4
Nxe4 22. Qe3 Nf6 23. Bxe7 Qxe7 24. f5 Qd6 25. fxe6 fxe6 26. Rcd1 Rc7 27. Qg3 Nd7
28. Rf7 g5 29. Qd3 Nf8 30. Qf3 Nh7 31. h4 Rf8 32. Rxf8+ Qxf8 33. Qxf8+ Kxf8 34.
Rf1+ Kg7 35. hxg5 Nxg5 36. d5 exd5 37. cxd5 Rc5 38. Rd1 Nf7 39. Nc6 a6 40. Ne7
Kf6 41. Nc6 b5 42. axb5 axb5 43. Rf1+ Kg7 44. Rf5 Kg6 45. Ne7+ Kg7 46. d6 Rxf5
47. Nxf5+ Kf6 48. g4 b4 49. Nd4 Nxd6 50. Kg2 Kg5 51. Kf3 Nb7 52. Nb3 Nd8 53. Kg3
Nf7 54. Nd2 Ne5 55. Ne4+ Kg6 56. Nd2 Nd3 57. Nb3 Kg5 58. Nd2 Nc5 59. Nf3+ Kf6
60. Kf4 b3 61. Nd2 b2 62. Ke3 Kg5 63. Kd4 Na4 64. Kc4 Kxg4 65. Kb4 h5 66. Kxa4
h4 67. Kb3 b1=Q+ 68. Nxb1 h3 69. Nd2 h2 70. Ne4 Kf3 71. Ng5+ Kg2 {White resigns}
0-1

[Event "Team 45 45 League T44"]
[Site "Internet Chess Club"]
[Date "2010.02.13"]
[Round "2"]
[White "spunni"]
[Black "Klampin"]
[Result "0-1"]
[WhiteElo "1861"]
[BlackElo "2146"]
[Opening "Caro-Kann: Panov-Botvinnik attack, 5...e6"]
[ECO "B14"]
[Time "11:06:44"]
[TimeControl "2700+45"]

1. e4 c6 2. d4 d5 3. exd5 cxd5 4. c4 Nf6 5. Nc3 e6 6. Nf3 Be7 7. cxd5 Nxd5 8.
Bd3 Nc6 9. O-O O-O 10. Re1 Ncb4 11. Bb1 b6 12. a3 Nxc3 13. bxc3 Nd5 14. Qd3 g6
15. Bh6 Re8 16. Ne5 Bb7 17. Qf3 Bf6 18. c4 Bxe5 19. dxe5 Qh4 20. cxd5 Qxh6 21.
Be4 Bxd5 22. Bxd5 exd5 23. Qxd5 Qh4 24. e6 Qe7 25. exf7+ Qxf7 26. Qxf7+ Kxf7 27.
Kf1 Rxe1+ 28. Kxe1 Rc8 29. Kd2 Kf6 30. Re1 Rc4 31. Re3 Ra4 32. Kc2 g5 33. Rf3+
Kg6 34. Rd3 h6 35. Rd6+ Kf5 36. Kb3 Rf4 37. f3 Rh4 38. h3 Kf4 39. Rg6 Kg3 40. a4
Kxg2 41. f4 Rxh3+ 42. Kb2 Rg3 43. f5 Rf3 44. f6 Rf4 45. Rxh6 g4 46. Rh7 g3 47.
Rxa7 Kf2 48. Rc7 g2 49. Rc2+ Kg3 50. Rc3+ Kh2 51. Rc2 Kh1 {White resigns} 0-1

[Event "Team 45 45 League T44"]
[Site "Internet Chess Club"]
[Date "2010.02.15"]
[Round "2"]
[White "superbeast"]
[Black "bogolijubov"]
[Result "0-1"]
[WhiteElo "1814"]
[BlackElo "1971"]
[Opening "English opening"]
[ECO "A20"]
[Time "16:45:12"]
[TimeControl "2700+45"]

1. c4 e5 2. g3 Nf6 3. Bg2 d5 4. cxd5 Nxd5 5. Nf3 Nc6 6. O-O Be7 7. d4 exd4 8.
Nxd4 Nxd4 9. Qxd4 Nf6 10. Qa4+ Qd7 11. Qb3 c6 12. Nc3 Qe6 13. Qc2 Qf5 14. e4 Qh5
15. Qe2 Qxe2 16. Nxe2 O-O 17. Be3 Be6 18. Nd4 Bc4 19. Rfc1 Ba6 20. Nf5 Bb4 21.
a3 Ba5 22. Bc5 Rfe8 23. Nd6 Re5 24. f4 Rxc5 25. Rxc5 Bb6 26. b4 Nd7 27. Rc1 Rd8
28. e5 f6 29. Bh3 fxe5 30. Bxd7 Bxc5+ 31. bxc5 Rxd7 32. Re1 Kf8 33. Kf2 g6 34.
Rxe5 Re7 35. Rxe7 Kxe7 36. Ke3 Ke6 37. Kd4 b6 38. Ne4 h5 39. h3 Bf1 40. g4 Bg2
41. Nf2 Bxh3 42. Nxh3 hxg4 43. Nf2 g3 44. Nh3 bxc5+ 45. Kxc5 Kf5 46. Kd4 Kg4 47.
Ng1 Kxf4 48. Kc5 g2 49. Kxc6 Kg3 50. Kb7 Kf2 51. Nh3+ Kf1 52. Kxa7 g5 53. Kb7 g4
54. Ng1 Kxg1 55. a4 Kf2 56. a5 g1=Q 57. a6 Qg2+ 58. Kb8 Qd5 59. a7 g3 {White
resigns} 0-1

[Event "Team 45 45 League T44"]
[Site "Internet Chess Club"]
[Date "2010.02.13"]
[Round "2"]
[White "vaknight"]
[Black "CapitanTrueno"]
[Result "0-1"]
[WhiteElo "1688"]
[BlackElo "1738"]
[Opening "Bird's opening"]
[ECO "A02"]
[Time "09:01:06"]
[TimeControl "2700+45"]

1. f4 Nf6 2. Nf3 g6 3. e3 Bg7 4. Nc3 d6 5. Be2 O-O 6. O-O Nc6 7. Rb1 Nd7 8. d4
e5 9. fxe5 dxe5 10. d5 Ne7 11. e4 f5 12. Bc4 Kh8 13. Ng5 Nb6 14. Bb3 h6 15. d6
hxg5 16. dxe7 Qxe7 17. Qd3 f4 18. Bd2 Be6 19. Nd5 Nxd5 20. Bxd5 Rfd8 21. Qc4
Bxd5 22. exd5 Bf8 23. Kh1 Qc5 24. Qb3 Qxd5 25. Qh3+ Kg7 26. Bc3 Be7 27. Qg4 Bf6
28. Rbd1 Qf7 29. Qf3 c6 30. Rfe1 Qc7 31. h3 Rxd1 32. Rxd1 Rd8 33. Re1 Qd6 34.
Qe4 Qd5 35. a3 Qxe4 36. Rxe4 Kf7 37. Kg1 Ke6 38. Kf2 Kf5 39. Kf3 Rd1 40. Be1 Rc1
41. g4+ fxg3 42. Bxg3 Rxc2 43. Rb4 e4+ 44. Rxe4 Rxb2 {White resigns} 0-1

[Event "Team 45 45 League T44"]
[Site "Internet Chess Club"]
[Date "2010.02.10"]
[Round "2"]
[White "Giacometti"]
[Black "wbanks"]
[Result "0-1"]
[WhiteElo "1743"]
[BlackElo "1719"]
[Opening "Bird's opening: Lasker variation"]
[ECO "A03"]
[Time "19:16:53"]
[TimeControl "2700+45"]

1. f4 d5 2. Nf3 Nf6 3. e3 c5 4. b3 Nc6 5. Bb2 a6 6. Be2 Bf5 7. O-O h6 8. h3 e6
9. d3 Be7 10. Nbd2 O-O 11. a3 Qc7 12. Nh2 Rfd8 13. Ng4 d4 14. e4 Bxg4 15. Bxg4
b5 16. f5 exf5 17. Bxf5 Re8 18. Nf3 g6 19. Nh4 Qg3 20. Nxg6 fxg6 21. Be6+ Kg7
22. Rf3 Qe5 23. Rxf6 Qxf6 24. Bd5 Rad8 25. Qe2 Qd6 26. Rf1 Rf8 27. Bc1 Rxf1+ 28.
Qxf1 Rf8 29. Qe2 Ne5 {White resigns} 0-1

[Event "Team 45 45 League T44"]
[Site "Internet Chess Club"]
[Date "2010.02.15"]
[Round "2"]
[White "dinkola"]
[Black "cobra2008"]
[Result "0-1"]
[WhiteElo "1700"]
[BlackElo "1744"]
[Opening "QGD semi-Slav: 5...Nd7"]
[ECO "D45"]
[Time "11:04:18"]
[TimeControl "2700+45"]

1. d4 d5 2. c4 e6 3. Nc3 Nf6 4. e3 c6 5. Nf3 Nbd7 6. cxd5 exd5 7. Bd3 Bd6 8. O-O
O-O 9. Re1 Re8 10. e4 dxe4 11. Nxe4 Nxe4 12. Rxe4 Rxe4 13. Bxe4 Nf6 14. Bg5 Be6
15. Qc2 h6 16. Bxf6 Qxf6 17. Re1 Re8 18. d5 Bxd5 19. Bxd5 Rxe1+ 20. Nxe1 cxd5
21. Qc8+ Kh7 22. Qh3 Qxb2 23. Qd3+ Kg8 24. Qxd5 Qa1 25. Qd2 Bf4 26. Qe2 Be5 27.
g3 Bc3 28. Kf1 b5 29. f4 b4 30. Kf2 Bxe1+ 31. Qxe1 Qxa2+ 32. Kf3 Qd5+ {White
resigns} 0-1

[Event "Team 45 45 League T44"]
[Site "Internet Chess Club"]
[Date "2010.02.16"]
[Round "2"]
[White "DanMcClintic"]
[Black "slipkid"]
[Result "1-0"]
[WhiteElo "1665"]
[BlackElo "1542"]
[Opening "French: Albin-Alekhine-Châtard attack, Breyer variation"]
[ECO "C13"]
[Time "14:00:10"]
[TimeControl "2700+45"]

1. e4 e6 2. d4 d5 3. Nc3 Nf6 4. Bg5 Be7 5. e5 Nfd7 6. h4 c5 7. Qg4 cxd4 8. Bxe7
Qxe7 9. Qxg7 Qf8 10. Qxf8+ Kxf8 11. Nb5 Na6 12. f4 Ndc5 13. Nxd4 Rg8 14. O-O-O
Bd7 15. Bb5 Bxb5 16. Nxb5 Ne4 17. Nh3 Rxg2 18. Rhg1 Rxg1 19. Rxg1 h6 20. Nd4 Rc8
21. f5 Nc7 22. fxe6 Nxe6 23. Nxe6+ fxe6 24. Nf4 Ke7 25. Rg7+ Kf8 26. Rxb7 a6 27.
Nxe6+ Kg8 28. Rd7 Re8 29. Rd8 Rxd8 30. Nxd8 Kg7 31. Nc6 Kg6 32. Ne7+ Kh5 33.
Nxd5 Kxh4 34. Nf6 Ng5 35. Kd2 h5 36. Ke3 Ne6 37. Nxh5 Kxh5 38. Ke4 Kg4 39. Kd5
Kf5 40. c4 Nf4+ 41. Kd6 Nd3 42. e6 Kf6 43. e7 Kf7 44. c5 Nxc5 45. Kxc5 Kxe7 46.
Kb6 Kd6 47. Kxa6 Kc5 48. Ka5 Kc4 49. Ka4 Kd3 50. Kb5 Kc2 51. a4 Kxb2 52. a5
{Black resigns} 1-0

[Event "Team 45 45 League T44"]
[Site "Internet Chess Club"]
[Date "2010.02.16"]
[Round "2"]
[White "houseofcook"]
[Black "medsurg"]
[Result "1-0"]
[WhiteElo "1450"]
[BlackElo "1379"]
[Opening "two knights: Max Lange attack"]
[ECO "C55"]
[Time "14:00:06"]
[TimeControl "2700+45"]

1. e4 e5 2. Nf3 Nc6 3. d4 exd4 4. Bc4 Nf6 5. O-O Bc5 6. e5 d5 7. exf6 gxf6 8.
Bb5 Qd6 9. Re1+ Be6 10. Nxd4 Bxd4 11. Qxd4 O-O-O 12. Bxc6 Qxc6 13. Nc3 Kb8 14.
Be3 b6 15. a4 Qc4 16. a5 Rhg8 17. axb6 cxb6 18. Bf4+ Kb7 19. Qxc4 dxc4 20. Red1
Rc8 21. Nb5 Ra8 22. g3 a6 23. Nc7 Ra7 24. Nxe6 {Black resigns} 1-0

[Event "Team 45 45 League T44"]
[Site "Internet Chess Club"]
[Date "2010.02.15"]
[Round "2"]
[White "oldsj"]
[Black "pudge"]
[Result "0-1"]
[WhiteElo "1511"]
[BlackElo "1426"]
[Opening "Ruy Lopez: Steinitz defense deferred (Russian defense)"]
[ECO "C79"]
[Time "19:00:44"]
[TimeControl "2700+45"]

1. e4 e5 2. Nf3 Nc6 3. Bb5 a6 4. Ba4 Nf6 5. O-O d6 6. d4 b5 7. Bb3 Bg4 8. c3
Bxf3 9. Qxf3 exd4 10. Bg5 Be7 11. Bxf6 Bxf6 12. Bd5 Ne5 13. Qg3 c6 14. Bb3 dxc3
15. Nxc3 O-O 16. Rad1 Qe7 17. Rfe1 Rad8 18. f4 Bh4 19. Qh3 Bxe1 20. Rxe1 Nd7 21.
Bc2 h6 22. Ne2 Nf6 23. Nd4 Qd7 24. Nf5 Kh8 25. Kh1 Rde8 26. Qh4 d5 27. Nxh6 gxh6
28. Qxh6+ Nh7 29. e5 f6 30. Re3 Qg7 31. Qxg7+ Kxg7 32. exf6+ Kxf6 33. Rxe8 Rxe8
34. Kg1 Nf8 35. Kf2 c5 36. g4 Ne6 37. f5 Nd4 38. Bd1 Nxf5 39. gxf5 Kxf5 40. h4
d4 41. Be2 c4 42. b3 c3 43. Kf3 Re3+ 44. Kf2 c2 {White resigns} 0-1

[Event "Team 45 45 League T44"]
[Site "Internet Chess Club"]
[Date "2010.02.13"]
[Round "2"]
[White "Just-Jim"]
[Black "werty"]
[Result "0-1"]
[WhiteElo "1343"]
[BlackElo "1527"]
[Opening "French: advance variation"]
[ECO "C02"]
[Time "14:30:13"]
[TimeControl "2700+45"]

1. e4 e6 2. e5 d5 3. d4 c5 4. c3 Nc6 5. Bb5 Bd7 6. Nf3 Nxe5 7. Bxd7+ Nxd7 8. Be3
c4 9. O-O Ngf6 10. Bg5 Be7 11. h3 b5 12. a3 O-O 13. Nbd2 a5 14. b3 a4 15. bxc4
bxc4 16. Re1 Qc7 17. Ne5 Bd6 18. Nxd7 Nxd7 19. Nf3 Rfb8 20. Qc1 Rb7 21. Qe3 Rb3
22. Ne5 Nxe5 23. dxe5 Bxa3 24. Qg3 Be7 25. Bh6 g6 26. h4 Bf8 27. Bxf8 Kxf8 28.
Re3 a3 29. Qg5 a2 30. Ree1 Qb7 31. Qc1 Rb2 32. h5 Rb8 33. h6 Qe7 34. g3 Rb1 35.
Qe3 Rxa1 36. Rxa1 Rb1+ 37. Kh2 Rxa1 38. Qb6 Rh1+ 39. Kxh1 a1=Q+ 40. Kg2 Qa8
{White resigns} 0-1

[Event "Team 45 45 League T44"]
[Site "Internet Chess Club"]
[Date "2010.02.13"]
[Round "2"]
[White "SuperJEM"]
[Black "eurander"]
[Result "1/2-1/2"]
[WhiteElo "2156"]
[BlackElo "2218"]
[Opening "English: Caro-Kann defensive system"]
[ECO "A11"]
[Time "06:04:48"]
[TimeControl "2700+45"]

1. c4 c6 2. Nc3 d5 3. cxd5 cxd5 4. d4 Nf6 5. Bg5 Ne4 6. Bf4 Nc6 7. Nf3 g6 8. e3
Bg7 9. Bd3 Nxc3 10. bxc3 O-O 11. O-O Bg4 12. h3 Bxf3 13. Qxf3 e5 14. dxe5 Nxe5
15. Bxe5 Bxe5 16. Rad1 Bxc3 17. Bc4 Qe7 18. Bxd5 Rab8 19. e4 Rfc8 20. Qg4 Rc7
21. f4 b5 22. f5 Kh8 23. fxg6 fxg6 24. Kh1 Rf8 25. Rxf8+ Qxf8 26. Bb3 Be5 27.
Qh4 Re7 28. Qg4 Qf4 29. Qxf4 Bxf4 30. Rd4 Kg7 31. g4 Kf6 32. Kg2 a6 33. Kf3 Be5
34. Rd8 Kg5 35. Rc8 Kh4 36. Kg2 Rc7 37. Rxc7 {Game drawn by mutual agreement}
1/2-1/2

[Event "Team 45 45 League T44"]
[Site "Internet Chess Club"]
[Date "2010.02.12"]
[Round "2"]
[White "pestka"]
[Black "GreatPelle"]
[Result "1-0"]
[WhiteElo "2226"]
[BlackElo "2042"]
[Opening "Réti v Dutch"]
[ECO "A04"]
[Time "09:00:47"]
[TimeControl "2700+45"]

1. Nf3 f5 2. d4 Nf6 3. c4 e6 4. Nc3 Be7 5. Qc2 O-O 6. Bf4 Nh5 7. Bd2 d5 8. e3 c6
9. Bd3 Nf6 10. h3 Ne4 11. g4 Kh8 12. Ke2 b6 13. gxf5 exf5 14. Rag1 Ba6 15. Ne5
Bf6 16. cxd5 Bxe5 17. Bxa6 Nxa6 18. dxe5 Qh4 19. Nxe4 fxe4 20. d6 Rxf2+ 21. Kd1
Nb4 22. Bxb4 Rxc2 23. Kxc2 Qf2+ 24. Kb1 Qxe3 25. e6 c5 26. Bc3 Rg8 27. d7 Qd3+
28. Ka1 Qd6 29. Rd1 Qe7 30. Rhg1 Qd8 31. Rxg7 Rxg7 32. e7 {Black resigns} 1-0

[Event "Team 45 45 League T44"]
[Site "Internet Chess Club"]
[Date "2010.02.10"]
[Round "2"]
[White "Darkwizard1"]
[Black "Duguesclin"]
[Result "1-0"]
[WhiteElo "1887"]
[BlackElo "1644"]
[Opening "French: Winawer (Nimzovich) variation"]
[ECO "C15"]
[Time "16:23:10"]
[TimeControl "2700+45"]

1. e4 e6 2. d4 d5 3. Nc3 Bb4 4. exd5 exd5 5. Bd3 Nf6 6. Ne2 O-O 7. O-O Bg4 8. h3
Bh5 9. Bg5 Be7 10. Qd2 Nbd7 11. Nf4 c6 12. Rfe1 Re8 13. Bf5 Bg6 14. Qd3 Qb6 15.
Nxg6 hxg6 16. Bxd7 Nxd7 17. Bxe7 Qxb2 18. Rab1 Rxe7 19. Rxe7 Qa3 20. Rxd7 b5 21.
Nxd5 cxd5 22. Qxa3 {Black resigns} 1-0

[Event "Team 45 45 League T44"]
[Site "Internet Chess Club"]
[Date "2010.02.14"]
[Round "2"]
[White "tourettes"]
[Black "kidviper"]
[Result "0-1"]
[WhiteElo "1514"]
[BlackElo "1886"]
[Opening "Scandinavian (center counter) defense"]
[ECO "B01"]
[Time "13:08:36"]
[TimeControl "2700+45"]

1. e4 d5 2. exd5 Qxd5 3. Nc3 Qa5 4. Bb5+ c6 5. Bc4 Nf6 6. Nf3 Bg4 7. O-O e6 8.
d4 Bd6 9. Bd2 Qc7 10. h3 Bh5 11. Re1 O-O 12. Bg5 Nbd7 13. Be2 Rfe8 14. Qd3 Bg6
15. Qd2 Bb4 16. Bd3 c5 17. Bxg6 hxg6 18. a3 cxd4 19. Nxd4 Bxc3 20. Qxc3 Qxc3 21.
bxc3 Rec8 22. Bd2 Nd5 23. Nb5 Rc6 24. a4 a6 25. Nd4 Rc4 26. Ne2 Rac8 27. Reb1 b6
28. a5 b5 29. f3 Nc5 30. Ra3 e5 31. g3 e4 32. Kf2 Re8 33. Be3 exf3 34. Bxc5
Rxe2+ 35. Kxf3 Rxc2 36. Bd4 Nxc3 37. Bxc3 R2xc3+ 38. Rxc3 Rxc3+ 39. Kf4 Ra3 40.
Rc1 Rxa5 41. Rc8+ Kh7 42. Rc7 f6 43. Rc6 b4 {White resigns} 0-1

[Event "Team 45 45 League T44"]
[Site "Internet Chess Club"]
[Date "2010.02.12"]
[Round "2"]
[White "Zumbi"]
[Black "alastorx"]
[Result "1/2-1/2"]
[WhiteElo "2054"]
[BlackElo "2027"]
[Opening "Scandinavian (center counter) defense"]
[ECO "B01"]
[Time "23:00:22"]
[TimeControl "2700+45"]

1. e4 d5 2. exd5 Qxd5 3. Nf3 Nf6 4. d4 Bg4 5. Be2 Nc6 6. h3 Bxf3 7. Bxf3 Qd7 8.
c3 e6 9. O-O O-O-O 10. Qa4 Kb8 11. Bg5 Ne5 12. Bd1 Nc6 13. Nd2 h6 14. Bxf6 gxf6
15. Be2 Rg8 16. Ne4 Be7 17. Kh1 f5 18. Nc5 Bxc5 19. dxc5 Ne5 20. Qf4 Qd5 21. Qh2
{Game drawn by mutual agreement} 1/2-1/2

[Event "Team 45 45 League T44"]
[Site "Internet Chess Club"]
[Date "2010.02.14"]
[Round "2"]
[White "NFK"]
[Black "Ptzz"]
[Result "0-1"]
[WhiteElo "1697"]
[BlackElo "2066"]
[Opening "Queen's pawn game"]
[ECO "D04"]
[Time "14:00:17"]
[TimeControl "2700+45"]

1. d4 d5 2. Nf3 Nf6 3. e3 c6 4. Bd3 Bg4 5. Nbd2 e6 6. O-O Nbd7 7. b3 a5 8. Bb2
Be7 9. c4 O-O 10. Rc1 Qb6 11. Qc2 Bh5 12. Ne5 Rfd8 13. f4 Bg6 14. Nxg6 hxg6 15.
Nf3 Ng4 16. Rce1 f5 17. h3 Ngf6 18. Ng5 Nf8 19. Qf2 Ne4 20. Nxe4 dxe4 21. c5 Qc7
22. Bc4 b5 23. cxb6 Qxb6 24. g4 Kf7 25. g5 Nd7 26. Kg2 Qb7 27. Rh1 Nb6 28. Be2
Nd5 29. h4 Rh8 30. h5 gxh5 31. Rxh5 Rxh5 32. Bxh5+ g6 33. Be2 Rh8 34. Rh1 Qb8
35. Rh6 Qf8 36. Rxh8 Qxh8 37. Qg1 Bd6 38. Qc1 Qh4 39. Qg1 Bb4 40. Bc1 Be1 41.
Kf1 Bb4 42. Qf2 Qh3+ 43. Qg2 Nxe3+ 44. Bxe3 Qxe3 45. Qh2 Ke7 46. Qf2 Bd2 47. Bc4
Qxf4 {White resigns} 0-1

[Event "Team 45 45 League T44"]
[Site "Internet Chess Club"]
[Date "2010.02.13"]
[Round "2"]
[White "cwsryan"]
[Black "Egmont"]
[Result "1-0"]
[WhiteElo "1951"]
[BlackElo "1765"]
[Opening "Robatsch (modern) defense"]
[ECO "B06"]
[Time "12:00:17"]
[TimeControl "2700+45"]

1. e4 g6 2. d4 Bg7 3. Nf3 c6 4. c3 d5 5. e5 Bg4 6. Be3 Nh6 7. Bd3 Bf5 8. Bxh6
Bxh6 9. Bxf5 gxf5 10. e6 Qd6 11. exf7+ Kxf7 12. Ne5+ Kg7 13. Qf3 Rf8 14. Nd2 Nd7
15. Qg3+ Kh8 16. Ndf3 Qe6 17. O-O Nxe5 18. Nxe5 Bg7 19. Rfe1 Bxe5 20. Rxe5 Qf6
21. Rae1 Rae8 22. Re6 Qf7 23. Qc7 Rg8 24. Rxe7 Rxe7 25. Qxe7 Kg7 26. Qe5+ Qf6
27. Qc7+ Kh8 28. Qxb7 Qg5 29. g3 f4 30. Qc7 Qh6 31. Qe5+ Rg7 32. Qf5 Rg8 33. Re6
{Black resigns} 1-0

[Event "Team 45 45 League T44"]
[Site "Internet Chess Club"]
[Date "2010.02.15"]
[Round "2"]
[White "BrerRabbit"]
[Black "PaulKaspar"]
[Result "0-1"]
[WhiteElo "1512"]
[BlackElo "1947"]
[Opening "English opening"]
[ECO "A20"]
[Time "19:00:57"]
[TimeControl "2700+45"]

1. c4 e5 2. g3 c6 3. d4 Bb4+ 4. Bd2 Bxd2+ 5. Qxd2 exd4 6. Qxd4 Qf6 7. Nf3 Qxd4
8. Nxd4 Nf6 9. Bg2 d6 10. O-O O-O 11. Nc3 Na6 12. Rfd1 Nc7 13. Rac1 Bd7 14. h3
Rfe8 15. e3 Rad8 16. Kh2 Na8 17. b3 Nb6 18. e4 h6 19. Re1 Re7 20. Nf5 Bxf5 21.
exf5 Rxe1 22. Rxe1 d5 23. cxd5 Nfxd5 24. Nxd5 Nxd5 25. Rd1 Kf8 26. Kg1 Ke7 27.
Bf3 Nb4 28. Rxd8 Kxd8 29. a4 Ke7 30. Be2 a5 31. Bc4 f6 32. Kg2 Kd6 33. f4 Kc5
34. Kf3 b5 35. axb5 cxb5 36. Bf7 a4 37. bxa4 bxa4 38. Ke4 a3 39. g4 a2 40. Bxa2
Nxa2 41. h4 Kd6 42. g5 Ke7 43. Kf3 Nb4 44. Kg4 Nd5 45. gxh6 gxh6 46. Kh5 Nxf4+
47. Kxh6 Kd6 48. h5 Ke5 49. Kg7 Nxh5+ 50. Kg6 Nf4+ {White resigns} 0-1

[Event "Team 45 45 League T44"]
[Site "Internet Chess Club"]
[Date "2010.02.17"]
[Round "2"]
[White "oldsj"]
[Black "OGO"]
[Result "1-0"]
[WhiteElo "1528"]
[BlackElo "1508"]
[Opening "Ruy Lopez: closed, Kholmov variation"]
[ECO "C92"]
[Time "17:00:32"]
[TimeControl "2700+45"]

1. e4 e5 2. Nf3 Nc6 3. Bb5 a6 4. Ba4 Nf6 5. O-O Be7 6. Re1 b5 7. Bb3 O-O 8. c3
d6 9. h3 Be6 10. Bc2 Rc8 11. d4 exd4 12. Nxd4 Nxd4 13. cxd4 c6 14. Nd2 Qb6 15.
Nf3 Rfd8 16. Be3 d5 17. e5 Nd7 18. Ng5 c5 19. Bxh7+ Kf8 20. Qh5 f6 21. Nxe6+
Qxe6 22. Bf5 Qg8 23. Qg4 Rc7 24. dxc5 Nxe5 25. Qg3 Bxc5 26. Bf4 Bd6 27. Bg6 Rc6
28. Rac1 Rdc8 29. Rxc6 Rxc6 30. Bxe5 Bxe5 31. Qa3+ {Black resigns} 1-0

[Event "Team 45 45 League T44"]
[Site "Internet Chess Club"]
[Date "2010.02.14"]
[Round "2"]
[White "islanderpfeifer"]
[Black "moreffee"]
[Result "1-0"]
[WhiteElo "1524"]
[BlackElo "1319"]
[Opening "Colle system"]
[ECO "D05"]
[Time "15:24:50"]
[TimeControl "2700+45"]

1. d4 Nf6 2. Nf3 e6 3. e3 d5 4. Bd3 c5 5. c3 c4 6. Bc2 Nc6 7. Nbd2 Bd6 8. O-O
O-O 9. e4 dxe4 10. Nxe4 e5 11. Nxf6+ Qxf6 12. Bg5 Qe6 13. d5 Qd7 14. dxc6 Qxc6
15. Re1 Re8 16. Bh4 e4 17. Qe2 Bg4 18. Bxe4 Qd7 19. Bxh7+ Kxh7 20. Ng5+ Kg8 21.
Qxc4 Rxe1+ 22. Rxe1 Be6 23. Nxe6 Rc8 24. Qg4 fxe6 25. Qxe6+ Qxe6 26. Rxe6 Bf4
27. Re7 b6 28. Rxa7 Re8 29. g3 Bc1 30. Rb7 g5 31. Bxg5 Bxg5 32. Rxb6 Re1+ 33.
Kg2 Re2 34. Kf3 Rd2 35. Rb7 Kf8 36. a4 Ke8 37. a5 Kd8 38. a6 Kc8 39. Rb3 Rd7 40.
Rb5 Bd8 41. b4 Ra7 42. Rc5+ Kb8 43. b5 Bb6 44. Rc6 Ba5 45. c4 Rc7 46. Rxc7 Kxc7
47. c5 {Black resigns} 1-0

[Event "Team 45 45 League T44"]
[Site "Internet Chess Club"]
[Date "2010.02.11"]
[Round "2"]
[White "kingsrook"]
[Black "chips"]
[Result "1/2-1/2"]
[WhiteElo "1349"]
[BlackElo "1206"]
[Opening "Queen's pawn game"]
[ECO "D05"]
[Time "10:00:35"]
[TimeControl "2700+45"]

1. d4 Nf6 2. Nf3 d5 3. e3 e6 4. Bd3 g6 5. Nbd2 Bg7 6. O-O O-O 7. e4 dxe4 8. Nxe4
Nbd7 9. c3 Nxe4 10. Bxe4 Nf6 11. Bg5 c6 12. Re1 Qb6 13. Qc2 c5 14. dxc5 Qxc5 15.
Be3 Qc4 16. Bd3 Qc6 17. Ne5 Qc7 18. Bf4 Qc5 19. Nf3 Nd5 20. Be5 Bxe5 21. Nxe5 f6
22. Ng4 Kg7 23. Ne3 Nf4 24. Rad1 Nxd3 25. Qxd3 b6 26. Nc4 Ba6 27. Qd7+ Kh8 28.
Nd6 Bc8 29. Qe7 {Game drawn by mutual agreement} 1/2-1/2

[Event "Team 45 45 League T44"]
[Site "Internet Chess Club"]
[Date "2010.02.14"]
[Round "2"]
[White "LeanSixSigma"]
[Black "SATELLITE-DAN"]
[Result "0-1"]
[WhiteElo "1437"]
[BlackElo "1574"]
[Opening "Ruy Lopez: Marshall counter-attack"]
[ECO "C89"]
[Time "08:15:53"]
[TimeControl "2700+45"]

1. e4 e5 2. Nf3 Nc6 3. Bb5 a6 4. Ba4 Nf6 5. O-O Be7 6. Re1 b5 7. Bb3 O-O 8. c3
d5 9. exd5 Nxd5 10. Nxe5 Nxe5 11. Rxe5 Nf6 12. Re1 Bd6 13. h3 c5 14. d3 a5 15.
a4 b4 16. Bg5 h6 17. Bxf6 Qxf6 18. Bd5 Rb8 19. Qf3 Qd8 20. c4 Qc7 21. b3 Rb6 22.
Ra2 Bh2+ 23. Kh1 Rf6 24. Qh5 Bf4 25. Ree2 Be6 26. Bf3 Rf5 27. Qg4 Rg5 28. Qh4
Rf5 29. Bg4 Bg5 30. Qg3 Bf4 31. Qf3 Rf6 32. Bxe6 fxe6 33. Qg4 Bg5 34. Qe4 Qd6
35. f3 Kh8 36. Nd2 Rf4 37. Qxe6 Qxd3 38. Qe3 Qd6 39. Qe6 Qd8 40. Qg6 Rd4 41. Qc2
Re8 42. Rxe8+ Qxe8 43. Ne4 Qd8 44. Nxg5 Qxg5 45. Qf2 Rd1+ 46. Kh2 Rb1 47. Rb2
Qe5+ 48. Qg3 Qxg3+ 49. Kxg3 Rxb2 50. Kg4 Rxb3 51. g3 Rc3 {White resigns} 0-1

[Event "Team 45 45 League T44"]
[Site "Internet Chess Club"]
[Date "2010.02.12"]
[Round "2"]
[White "alaskauk"]
[Black "rookmaster23"]
[Result "0-1"]
[WhiteElo "1494"]
[BlackElo "1396"]
[Opening "Sicilian: Boleslavsky, Louma variation"]
[ECO "B58"]
[Time "17:00:21"]
[TimeControl "2700+45"]

1. e4 c5 2. Nf3 d6 3. Be2 Nf6 4. Nc3 Nc6 5. d4 cxd4 6. Nxd4 e5 7. Nxc6 bxc6 8.
O-O Be7 9. Re1 O-O 10. Bf3 Be6 11. Re3 Rb8 12. Be2 d5 13. exd5 cxd5 14. Rg3 Kh8
15. h4 d4 16. Na4 Ne4 17. Rg4 Bxg4 18. Bxg4 Bxh4 19. g3 Bg5 20. Bf5 Bxc1 21.
Qxc1 Nf6 22. b3 Nd5 23. Qe1 Re8 24. Nb2 Qf6 25. Qe4 Nc3 26. Qd3 e4 27. Bxe4 Nxe4
28. Rf1 Nc3 29. Kg2 Qc6+ 30. Kh2 Re6 31. g4 Rh6+ 32. Kg3 Qd6+ 33. f4 Re8 34. Nc4
Ne2+ {White resigns} 0-1

[Event "Team 45 45 League T44"]
[Site "Internet Chess Club"]
[Date "2010.02.12"]
[Round "2"]
[White "mrmarck"]
[Black "otib2006"]
[Result "1-0"]
[WhiteElo "1298"]
[BlackElo "1349"]
[Opening "Queen's pawn game"]
[ECO "E10"]
[Time "09:01:55"]
[TimeControl "2700+45"]

1. d4 Nf6 2. c4 e6 3. Nf3 Be7 4. e3 b6 5. Be2 Bb7 6. O-O Nc6 7. a3 O-O 8. Nc3
Na5 9. b4 Nc6 10. Bb2 Nb8 11. Qc2 Bxf3 12. Bxf3 d5 13. cxd5 exd5 14. Rfe1 Bd6
15. Nxd5 c6 16. Nxf6+ Qxf6 17. b5 Qh6 18. g3 Qf6 19. Bg2 a5 20. d5 Be5 21. Bxe5
Qxe5 22. bxc6 Ra7 23. Red1 Qd6 24. Rac1 Rc7 25. Qb2 Rd8 26. Qxb6 Re7 27. Qxa5
Rc7 28. Qb4 Na6 29. Qxd6 Rxd6 30. Rb1 f6 31. Rb7 Kf7 32. Rxc7+ Nxc7 33. e4 Ke7
34. Rb1 Kd8 35. Rb8+ Ke7 36. Rc8 Na6 37. c7 Kd7 38. Bh3+ Ke7 39. Re8+ Kf7 40.
c8=Q Rb6 41. Rf8+ Kg6 42. Qg4+ Kh6 43. Qh4+ Kg6 44. Bf5# {Black checkmated} 1-0

[Event "Team 45 45 League T44"]
[Site "Internet Chess Club"]
[Date "2010.02.14"]
[Round "2"]
[White "dpmdpm"]
[Black "RancidTurnip"]
[Result "1-0"]
[WhiteElo "1388"]
[BlackElo "1199"]
[Opening "Sicilian"]
[ECO "B54"]
[Time "09:00:38"]
[TimeControl "2700+45"]

1. e4 c5 2. Nf3 d6 3. d4 cxd4 4. Nxd4 Nc6 5. Nc3 a6 6. a3 Nf6 7. Bc4 b5 8. Nxc6
Qb6 9. Bd5 Nxd5 10. exd5 e6 11. Be3 Qc7 12. Nd4 exd5 13. Nxd5 Qc4 14. Nb6 Qc5
15. Nxa8 Bb7 16. O-O Bxa8 17. Re1 Be7 18. Qd2 O-O 19. c3 Qd5 20. f3 f5 21. Bg5
Bxg5 22. Qxg5 Qc5 23. Re7 g6 {Black resigns} 1-0